 Dungeon Crawl Stone Soup version 0.27.0-1-g7a08968 (webtiles) character file.

Game seed: 10830528911024603478

121 Illumine the Bolt Thrower (level 5, 0/47 HPs)
             Began as a Gnoll Wanderer on Aug 27, 2021.
             Drowned by a drowned soul (3 damage)
             ... summoned by a malarious merfolk avatar
             ... in a sewer.
             The game lasted 00:04:11 (1957 turns).

Illumine the Bolt Thrower (Gnoll Wanderer)          Turns: 1957, Time: 00:04:11

Health: 0/47       AC:  9    Str: 13    XL:     5   Next: 5%
Magic:  7/7        EV:  9    Int: 11    God:
Gold:   162        SH:  0    Dex: 11    Spells: 6/6 levels left

rFire    . . .     SeeInvis .   a - +0 hand crossbow
rCold    . . .     Faith    .   (no shield)
rNeg     . . .     Spirit   .   c - +2 scale mail
rPois    .         Reflect  .   (no helmet)
rElec    .         Harm     .   (no cloak)
rCorr    .         Rampage  .   (no gloves)
Will     .....                  (no boots)
Stlth    ..........             (no amulet)
HPRegen  0.15/turn              (no ring)
MPRegen  0.10/turn              (no ring)

@: mesmerised, very slow
A: fangs 1, strong nose, distributed training
a: no special abilities


You were in a sewer.
You visited 1 branch of the dungeon, and saw 3 of its levels.
You also visited: Sewer.

You collected 162 gold pieces.

Inventory:

Hand Weapons
 a - a +0 hand crossbow (weapon)
 b - a +4 dagger
Missiles
 d - 8 bolts (quivered ammo)
Armour
 c - a +2 scale mail (worn)
Scrolls
 g - a scroll of fog {unknown}
 h - a scroll of identify {unknown}
 i - 4 scrolls of teleportation
 k - a scroll of amnesia {unknown}
 n - a scroll of summoning {unknown}
Potions
 e - a potion of resistance {unknown}
 f - 2 potions of curing {unknown}
 j - a potion of haste {unknown}
 l - a potion of berserk rage {unknown}
 m - a potion of magic {unknown}
 o - 4 potions of flight


   Skills:
 + Level 6.6 Fighting
 + Level 1.3 Short Blades
 + Level 1.3 Long Blades
 + Level 1.3 Axes
 + Level 1.3 Maces & Flails
 + Level 1.3 Polearms
 + Level 1.3 Staves
 + Level 1.3 Slings
 + Level 1.3 Bows
 + Level 6.6 Crossbows
 + Level 4.7 Throwing
 + Level 4.7 Armour
 + Level 1.3 Dodging
 + Level 1.3 Stealth
 + Level 1.3 Shields
 + Level 1.3 Unarmed Combat
 + Level 1.3 Spellcasting
 + Level 1.1 Conjurations
 + Level 1.1 Hexes
 + Level 1.1 Summonings
 + Level 1.1 Necromancy
 + Level 1.1 Translocations
 + Level 1.1 Transmutations
 + Level 1.1 Fire Magic
 + Level 1.1 Ice Magic
 + Level 1.1 Air Magic
 + Level 1.1 Earth Magic
 + Level 1.1 Poison Magic
 + Level 1.5 Invocations
 + Level 1.3 Evocations


You had 6 spell levels left.
You didn't know any spells.
Your spell library was empty.

Dungeon Overview and Level Annotations

Branches:
Dungeon (3/15)              Sewer (1/1)

Altars:

Annotations:
D:2 Sigmund


Innate Abilities, Weirdness & Mutations

You have very sharp teeth.
Your uncanny sense of smell can sniff out nearby items.
Your experience applies equally to all skills.


Message History

Fire: 12 bolts
Press: ? - help, Q - select action Shift-Dir - straight line, f/p - malarious merfolk avatar
Aim: a malarious merfolk avatar (water, almost dead, mesmerising, 60% to hit)
You shoot a bolt.
The bolt misses the malarious merfolk avatar.
The bolt hits the drowned soul but does no damage.
The drowned soul is heavily damaged.
You hear a splash.
The malarious merfolk avatar chants its luring song.
The drowned soul touches you.
* * * LOW HITPOINT WARNING * * *
The drowned soul drowns you.
* * * LOW HITPOINT WARNING * * *
Fire: 11 bolts
Press: ? - help, Q - select action Shift-Dir - straight line, f/p - malarious merfolk avatar
Aim: a malarious merfolk avatar (water, almost dead, mesmerising, 60% to hit)
You shoot a bolt.
The bolt completely misses the malarious merfolk avatar.
You hear a splash.
The malarious merfolk avatar chants its luring song.
Fire: 10 bolts
Press: ? - help, Q - select action Shift-Dir - straight line, f/p - malarious merfolk avatar
Aim: a malarious merfolk avatar (water, almost dead, mesmerising, 60% to hit)
You shoot a bolt.
The bolt misses the malarious merfolk avatar.
You hear a splash.
The drowned soul touches you. The drowned soul drowns you.
* * * LOW HITPOINT WARNING * * *
The malarious merfolk avatar chants its luring song. x2
Fire: 9 bolts
Press: ? - help, Q - select action Shift-Dir - straight line, f/p - malarious merfolk avatar
Aim: a malarious merfolk avatar (water, almost dead, mesmerising, 60% to hit)
You shoot a bolt.
The bolt closely misses the malarious merfolk avatar.
You hear a splash.
The drowned soul touches you. The drowned soul drowns you.
* * * LOW HITPOINT WARNING * * *
The malarious merfolk avatar chants its luring song.
The drowned soul touches you. The drowned soul drowns you.
You die...

###############
###############
≈≈≈≈≈≈≈≈≈≈≈≈≈≈#
≈≈≈≈≈≈≈≈≈≈≈≈≈≈#
≈≈≈≈≈≈≈≈≈≈≈≈≈
≈≈≈≈≈≈≈≈≈≈≈ #######
≈≈≈≈≈≈m≈≈# ##†....##
≈≈≈≈≈≈≈@## #..###..#
≈≈≈≈≈≈≈≈≈# ##.## #≈≈####
≈≈≈≈≈≈≈≈≈###..# #≈≈....
≈≈≈≈≈≈≈≈†≈≈#.†#########≈
≈≈≈≈≈≈≈≈≈≈≈≈†≈≈≈≈≈≈≈≈≈#≈
≈≈≈≈≈≈≈≈≈≈≈#†.########≈≈
≈≈≈≈≈≈≈≈≈###..# ###
≈≈≈≈≈≈≈≈.# #..# ∆
≈≈≈≈≈≈≈≈.# #..# ∆∆


You could see a malarious merfolk avatar (mesmerising).

Vanquished Creatures
  A merfolk siren (Sewer)
  2 river rats
  2 adders (Sewer)
  A dart slug (D:1)
  4 endoplasms
  6 giant cockroaches
  3 goblins
  2 hobgoblins
  4 quokkas
  5 ball pythons
  2 bats
  4 frilled lizards
  A kobold (D:1)
  28 rats
65 creatures vanquished.

Notes
Turn   | Place    | Note
-------+----------+-------------------------------------------
     0 | D:1      | Illumine the Gnoll Wanderer began the quest for the Orb.
     0 | D:1      | Illumine set off with the following items: a +0 hand
                  | crossbow, a scroll of teleportation, a +2 scale mail, 25
                  | bolts
     0 | D:1      | Reached XP level 1. HP: 23/23 MP: 1/1
   446 | D:1      | Reached XP level 2. HP: 28/29 MP: 2/2
  1362 | D:2      | Noticed Sigmund
  1393 | D:3      | Reached XP level 3. HP: 35/35 MP: 3/3
  1502 | D:3      | Found a glowing drain.
  1523 | D:3      | Reached skill level 1 in Invocations
  1526 | Sewer    | Entered a sewer
  1616 | Sewer    | Reached skill level 1 in Short Blades
  1616 | Sewer    | Reached skill level 1 in Long Blades
  1616 | Sewer    | Reached skill level 1 in Axes
  1616 | Sewer    | Reached skill level 1 in Maces & Flails
  1616 | Sewer    | Reached skill level 1 in Polearms
  1616 | Sewer    | Reached skill level 1 in Staves
  1616 | Sewer    | Reached skill level 1 in Slings
  1616 | Sewer    | Reached skill level 1 in Bows
  1616 | Sewer    | Reached skill level 1 in Dodging
  1616 | Sewer    | Reached skill level 1 in Stealth
  1616 | Sewer    | Reached skill level 1 in Shields
  1616 | Sewer    | Reached skill level 1 in Unarmed Combat
  1616 | Sewer    | Reached skill level 1 in Spellcasting
  1616 | Sewer    | Reached skill level 1 in Evocations
  1707 | Sewer    | Reached XP level 4. HP: 39/41 MP: 5/5
  1779 | Sewer    | Reached skill level 1 in Conjurations
  1779 | Sewer    | Reached skill level 1 in Hexes
  1779 | Sewer    | Reached skill level 1 in Summonings
  1779 | Sewer    | Reached skill level 1 in Necromancy
  1779 | Sewer    | Reached skill level 1 in Translocations
  1779 | Sewer    | Reached skill level 1 in Transmutations
  1779 | Sewer    | Reached skill level 1 in Fire Magic
  1779 | Sewer    | Reached skill level 1 in Ice Magic
  1779 | Sewer    | Reached skill level 1 in Air Magic
  1779 | Sewer    | Reached skill level 1 in Earth Magic
  1779 | Sewer    | Reached skill level 1 in Poison Magic
  1910 | Sewer    | Noticed a malarious merfolk avatar
  1938 | Sewer    | Reached XP level 5. HP: 33/47 MP: 5/7
  1957 | Sewer    | Drowned by a drowned soul

Illustrated notes

Levels and vault maps discovered:
D:1:      minmay_arrival_shattered_statue, layout_loops_ring,
          chequers_serial_rivers_micro_e
D:2:      layout_loops_cross, chequers_hall_statues_corner_a, uniq_sigmund
D:3:      layout_basic, portal_sewer_entry_e, st_stairs_6, kennysheep_doodads
Sewer:    sewer_sea

Skill      XL: |  1  2  3  4 |
---------------+-------------+-----
Invocations    | 1 |  1.5
Short Blades   | 1 |  1.3
Long Blades    | 1 |  1.3
Axes           | 1 |  1.3
Maces & Flails | 1 |  1.3
Polearms       | 1 |  1.3
Staves         | 1 |  1.3
Slings         | 1 |  1.3
Bows           | 1 |  1.3
Dodging        | 1 |  1.3
Stealth        | 1 |  1.3
Shields        | 1 |  1.3
Unarmed Combat | 1 |  1.3
Spellcasting   | 1 |  1.3
Evocations     | 1 |  1.3
Conjurations   | 1 |  1.1
Hexes          | 1 |  1.1
Summonings     | 1 |  1.1
Necromancy     | 1 |  1.1
Translocations | 1 |  1.1
Transmutations | 1 |  1.1
Fire Magic     | 1 |  1.1
Ice Magic      | 1 |  1.1
Air Magic      | 1 |  1.1
Earth Magic    | 1 |  1.1
Poison Magic   | 1 |  1.1
Fighting       | |  6.6
Crossbows      | |  6.6
Throwing       | |  4.7
Armour         | |  4.7

Action                   |  1- 3 |  4- 6 || total
-------------------------+-------+-------++-------
Melee: Unarmed           |    31 |       ||    31
       Club              |    25 |       ||    25
       Bite              |    11 |     8 ||    19
       Dagger            |    80 |   103 ||   183
 Fire: Hand crossbow     |       |    17 ||    17
Armor: Scale mail        |    57 |    57 ||   114
Dodge: Dodged            |    52 |    45 ||    97
